 Dungeon Crawl Stone Soup version 0.27-a0-686-gaed091b46b (webtiles) character file.

Game seed: 14821681392617864216

124 tilp the Sneak (level 5, -2/37 HPs)
             Began as an Octopode Transmuter on Mar 20, 2021.
             Slain by an orc wizard
             ... wielding a +0 dagger
              (6 damage)
             ... on level 3 of the Dungeon.
             The game lasted 00:03:41 (3038 turns).

tilp the Sneak (Octopode Transmuter)                Turns: 3038, Time: 00:03:41

Health: -2/37      AC:  1    Str:  9    XL:     5   Next: 8%
Magic:  8/8        EV: 13    Int: 17    God:
Gold:   41         SH:  0    Dex: 12    Spells: 5/8 levels left

rFire    . . .     SeeInvis .     - Unarmed
rCold    . . .     Faith    .   (no shield)
rNeg     . . .     Spirit   .   (helmet currently unavailable)
rPois    .         Reflect  .   d - amulet of magic regeneration
rElec    .         Harm     .   (no ring)
rCorr    .         Rampage  .   (no ring)
Will     .....                  (no ring)
Stlth    +++.......             (no ring)
HPRegen  0.12/turn              (no ring)
MPRegen  0.36/turn              (no ring)
                                (no ring)
                                (no ring)

@: appendages, wereblooded
A: tentacle spike 3, almost no armour, amphibious, 8 rings, camouflage 1,
gelatinous body 1, nimble swimmer 1, tentacles
a: End Transformation


You were on level 3 of the Dungeon.
One of your tentacles had grown a beastly spike.
You visited 1 branch of the dungeon, and saw 3 of its levels.

You collected 41 gold pieces.

Inventory:

Missiles
 a - 54 stones (quivered)
 f - 12 datura-tipped darts
Jewellery
 d - an amulet of magic regeneration (around mantle)
 k - an amulet of faith
Scrolls
 e - a scroll of amnesia {unknown}
 g - a scroll of holy word
 h - a scroll of enchant weapon {unknown}
 i - a scroll of teleportation {unknown}
 j - a scroll of summoning {unknown}
Potions
 b - a potion of mutation {unknown}


   Skills:
 + Level 3.7 Fighting
 - Level 2.0 Dodging
 - Level 4.0 Stealth
 - Level 3.0 Unarmed Combat
 - Level 2.0 Spellcasting
 - Level 2.0 Transmutations


You had 5 spell levels left.
You knew the following spells:

 Your Spells              Type           Power      Damage    Failure   Level
a - Beastly Appendage     Tmut           16%        N/A       9%          1
b - Wereblood             Tmut           8%         N/A       13%         2

Your spell library contained the following spells:

 Spells                   Type           Power      Damage    Failure   Level
 Magic Dart               Conj           4%         1d3       19%         1
 Blink                    Tloc           N/A        N/A       28%         2
 Call Imp                 Summ           1%         N/A       28%         2
 Slow                     Hex            1%         N/A       28%         2
 Spider Form              Tmut/Pois      2%         N/A       36%         3
 Conjure Flame            Conj/Fire      1%         6-21      50%         3
 Mephitic Cloud           Conj/Pois/Air  1%         N/A       50%         3
 Ice Form                 Ice/Tmut       5%         N/A       77%         4
 Blade Hands              Tmut           4%         N/A       93%         5


Dungeon Overview and Level Annotations

Branches:
Dungeon (3/15)

Altars:
Hepliaklqana


Innate Abilities, Weirdness & Mutations

One of your tentacles has grown a beastly spike.
You cannot wear most types of armour.
You are amphibious.
You can wear up to eight rings at the same time.
Your skin changes colour to match your surroundings (Stealth+).
Your rubbery body absorbs attacks. (AC +1, EV +1)
You are stealthy while swimming. (Stealth+)
You have tentacles for arms and can constrict up to eight enemies at once.


Message History

You have reached level 5!
You feel clever.
You hear some strange, mumbled words.
A puff of flame appears from out of thin air!
Deactivating autopickup; reactivate with Ctrl-A.
The puff of flame hits you!
* * * LOW HITPOINT WARNING * * *
The orc wizard gestures at you while chanting.
The puff of flame misses you.
Items here: ))) [[ †.
You tentacle-slap something but do no damage.
You squeeze something. Something hits you.
* * * LOW HITPOINT WARNING * * *
You tentacle-slap something but do no damage.
Something hits you!
* * * LOW HITPOINT WARNING * * *
It was a potion of curing.
You feel better. Something hits you.
* * * LOW HITPOINT WARNING * * *
You feel better.
Your tentacle spike disappears.
Something hits you.
You barely miss something. Something hits you.
* * * LOW HITPOINT WARNING * * *
Casting: Wereblood (safe; 13% risk of failure)
Confirm with . or Enter, or press ? or * to list all spells.
One of your tentacles grows a vicious spike.
Something hits you.
* * * LOW HITPOINT WARNING * * *
You barely miss something.
You pierce something.
You squeeze something. Something hits you.
* * * LOW HITPOINT WARNING * * *
You miss something. Something hits you.
* * * LOW HITPOINT WARNING * * *
The orc wizard gestures at you while chanting.
The magic dart hits something.
You closely miss something.
You pierce something.
You hear some strange, mumbled words.
Something tries to affect you, but you resist.
You miss something.
Your tentacle spike misses something.
Something hits you.
You die...

S................. .
#######.#o#####.#.........
+.......#.......# ........
######..........##....... .
#..+....o............. .)
#.##..........###...##..#
#.######................ #.#
####.####.###...# #.#
#...o{@.........#
#######.###########.#†..#.#..
..............................
....................#...#.#...
...####.#######.###.#...#.#
..# ##.####.#######.#
#.#...... .# .................
#.#.#.#.#. #
###^###.####.................
..#.###.# .##.#.#.#.#.#.#..


You could see an orc wizard.

Vanquished Creatures
  An orc wizard (D:3)
  3 adders (D:2)
  An ooze (D:2)
  2 worms
  A dart slug (D:1)
  2 leopard geckos (D:2)
  2 orcs (D:3)
  6 giant cockroaches
  6 goblins (D:1)
  7 hobgoblins
  4 jackals (D:1)
  4 kobolds (D:2)
  A quokka (D:2)
  A ball python (D:1)
  3 bats
  3 frilled lizards
  7 rats
54 creatures vanquished.

Vanquished Creatures (others)
  3 plants (D:2)
3 creatures vanquished.

Grand Total: 57 creatures vanquished

Notes
Turn   | Place    | Note
-------+----------+-------------------------------------------
     0 | D:1      | tilp the Octopode Transmuter began the quest for the Orb.
     0 | D:1      | Reached XP level 1. HP: 13/13 MP: 3/3
   205 | D:1      | Reached skill level 1 in Stealth
   210 | D:1      | Reached skill level 2 in Stealth
   212 | D:1      | Reached XP level 2. HP: 8/18 MP: 1/5
   218 | D:1      | Learned a level 2 spell: Wereblood
   415 | D:1      | Reached skill level 3 in Stealth
   817 | D:1      | Reached XP level 3. HP: 20/23 MP: 6/6
   919 | D:1      | Reached skill level 4 in Stealth
  1710 | D:2      | Found a hazy altar of Hepliaklqana.
  1721 | D:2      | Reached XP level 4. HP: 24/30 MP: 7/7
  3028 | D:3      | Reached XP level 5. HP: 22/37 MP: 8/8
  3038 | D:3      | Slain by an orc wizard

Illustrated notes

Levels and vault maps discovered:
D:1:      evilmike_arrival_hilbert_curve, layout_basic, serial_bayou_lagoon_a
D:2:      layout_loops_ring, nicolae_hepliaklqana_hazy_memory
D:3:      layout_basic, grunt_decor_fettered

Skill      XL: |  1  2  3  4 |
---------------+-------------+-----
Stealth        | 2 3 4 |  4.0
Fighting       | 2 3 |  3.7
Dodging        | |  2.0
Unarmed Combat | |  3.0
Spellcasting   | |  2.0
Transmutations | |  2.0

Action                   |  1- 3 |  4- 6 || total
-------------------------+-------+-------++-------
Melee: Unarmed           |    79 |    59 ||   138
       Constrict         |    21 |    14 ||    35
       Kick              |    16 |    16 ||    32
       Tentacles         |     7 |    13 ||    20
       Punch             |       |     1 ||     1
Throw: Stone             |    11 |       ||    11
 Cast: Beastly Appendage |    14 |    12 ||    26
       Wereblood         |     3 |     1 ||     4
  Use: Scroll            |       |     1 ||     1
       Potion            |       |     2 ||     2
 Stab: Sleeping          |     5 |     3 ||     8
Armor: Skin              |     2 |     3 ||     5
Dodge: Dodged            |    44 |    29 ||    73

Table legend: (Time is in decaauts)
 A = Elapsed time spent in this place.
 B = Non-inter-level travel time spent in this place.
 C = Inter-level travel time spent in this place.
 D = Time resting spent in this place.
 E = Time spent auto-exploring this place.
 F = Levels seen in this place.
 G = Mean time per level.
                   A        B        C        D        E       F      G
               +--------+--------+--------+--------+--------+-----+--------+
         Total |   3030 |   2937 |     93 |    484 |   2071 |   3 | 1010.0 |
       Dungeon |   3030 |   2937 |     93 |    484 |   2071 |   3 | 1010.0 |
               +--------+--------+--------+--------+--------+-----+--------+

Top non-repeatable levels by time:
     D:2: 1443 daAuts
     D:1: 1299 daAuts
     D:3: 286 daAuts
